 Dungeon Crawl Stone Soup version 0.16.1-11-g651b585 (webtiles) character file.

101 Magnus the Insei (level 4, -2/33 HPs)
             Began as a Demonspawn Transmuter on Mar 31, 2015.
             Slain by a gnoll
             ... wielding a +0 spear
              (8 damage)
             ... on level 2 of the Dungeon.
             The game lasted 00:16:16 (2729 turns).

Magnus the Insei (Demonspawn Transmuter)            Turns: 2729, Time: 00:16:16

Health: -2/33      AC:  3    Str: 11    XL:     4   Next: 48%
Magic:  7/8        EV: 12    Int: 14    God:
Gold:   75         SH:  0    Dex: 14    Spells: 2 memorised, 3 levels left

rFire  . . .     SeeInvis .       - Unarmed
rCold  . . .     Clarity  .     c - +1 robe
rNeg   . . .     SustAb   .     (no shield)
rPois  .         Gourm    .     (helmet restricted)
rElec  .         Spirit   .     (no cloak)
rCorr  .         Warding  .     (no gloves)
rMut   .         Stasis   .     (no boots)
MR     .....                    (no amulet)
Stlth  +.........               (no ring)
                                h - ring of invisibility

@: appendage, not resistant to hostile enchantments, very unstealthy
A: horns 2, powered by pain 1
a: End Transformation, Evoke Invisibility


You were on level 2 of the Dungeon.
You were not hungry.
You had grown temporary horns.
You visited 1 branch of the dungeon, and saw 2 of its levels.

You collected 75 gold pieces.

Inventory:

Missiles
 b - 31 arrows
Armour
 c - a +1 robe (worn)
 j - a +0 pair of gloves
Jewellery
 h - a ring of invisibility (left hand)
 n - an uncursed amulet of faith
Scrolls
 i - a scroll of enchant weapon
 o - a scroll of remove curse {unknown}
 p - a scroll of blinking {unknown}
 q - a scroll of fog {unknown}
Potions
 e - a potion of brilliance {unknown}
 f - a potion of agility {unknown}
 g - a potion of heal wounds {unknown}
 l - a potion of curing {unknown}
Books
 d - a book of Changes

   Spells                             Type                      Level
   a - Beastly Appendage              Transmutation                1
   b - Sticks to Snakes               Transmutation                2
   c - Spider Form                    Transmutation/Poison         3
   d - Ice Form                       Ice/Transmutation            4
   e - Blade Hands                    Transmutation                5
Comestibles
 a - 3 bread rations
 k - a chunk of flesh
 m - a meat ration


   Skills:
 + Level 2.1 Fighting
 + Level 2.2 Dodging
 + Level 3.3 Unarmed Combat
 + Level 2.4 Spellcasting
 + Level 2.6 Transmutations


You had 3 spell levels left.
You knew the following spells:

 Your Spells              Type           Power        Failure   Level  Hunger
a - Beastly Appendage     Trmt           #.....       10%         1    #......
b - Spider Form           Trmt/Pois      #.........   47%         3    ###....


Dungeon Overview and Level Annotations

Branches:
Dungeon (2/15)

Altars:
Ashenzari


Innate Abilities, Weirdness & Mutations

You sometimes gain a little power by taking damage.
You have a pair of horns on your head.


Message History

q - a scroll labeled PHEWACKYLL 2 gnolls come into view.
The gnoll shouts! x2
A gnoll comes into view. It is wielding a whip.
Casting: Beastly Appendage
Confirm with . or Enter, or press ? or * to list all spells.
You grow a pair of large bovine horns.
The gnoll hits you with a spear!
You completely miss the gnoll. The gnoll hits you with a spear!
You hit the gnoll.
The gnoll is lightly wounded.
You barely miss the gnoll.
The gnoll is lightly wounded.
The gnoll misses you.
The gnoll hits you from afar with a spear.
* * * LOW HITPOINT WARNING * * *
You closely miss the gnoll.
The gnoll is lightly wounded.
The gnoll hits you with a spear!
You die...

###### ..# #..........# #.#
#..........# #.#
#..........# # #.#
#..........# ## #.#
#..........# .## ####.#
#..........# ..# ##.##.#
#..........#
...####...#.#####..........#
...'............@gg..>.....+
...####...#.#######.....##.#
..## ##.##.# #..#.## .# .##
##...# #..### ## #.### #..#
# #.# #......gg# #.#
##(####### #.# #.# # #.# #.#


You could see 2 gnolls.

Vanquished Creatures
  3 gnolls (D:2)
  An adder (D:2)
  2 worms (D:2)
  An ooze (D:2)
  A giant cockroach (D:2)
  5 goblins
  10 hobgoblins
  6 jackals
  2 ball pythons
  5 bats
  3 giant newts
  7 kobolds
  4 rats
50 creatures vanquished.

Notes
Turn   | Place    | Note
--------------------------------------------------------------
     0 | D:1      | Magnus, the Demonspawn Transmuter, began the quest for the Orb.
     0 | D:1      | Reached XP level 1. HP: 15/15 MP: 3/3
   382 | D:1      | Gained mutation: You sometimes gain a little power by taking damage. [demonic ancestry]
   382 | D:1      | Reached XP level 2. HP: 21/21 MP: 2/4
  1597 | D:2      | Found a shattered altar of Ashenzari.
  1665 | D:2      | Reached XP level 3. HP: 27/27 MP: 6/6
  1673 | D:2      | Learned a level 3 spell: Spider Form
  1723 | D:2      | Reached skill level 3 in Unarmed Combat
  2258 | D:2      | Reached XP level 4. HP: 25/33 MP: 6/8
  2729 | D:2      | Slain by a gnoll

Action                   |  1- 3 |  4- 6 || total
-------------------------+-------+-------++-------
Melee: Unarmed           |   157 |    49 ||   206
 Cast: Beastly Appendage |    18 |     5 ||    23
       Spider Form       |     3 |       ||     3
  Use: Scroll            |     4 |       ||     4
  Eat: Chunk             |     5 |     2 ||     7
